 Dungeon Crawl Stone Soup version 0.31-a0-986-g5e6e4ef867 (webtiles) character file.

Game seed: 4450532957581780775

107 croobank the Sneak (level 4, 0/33 HPs)
             Began as an Octopode Delver on Nov 8, 2023.
             Slain by Grinder (2 damage)
             ... on level 4 of the Dungeon.
             The game lasted 00:05:31 (3191 turns).

croobank the Sneak (Octopode Delver)                Turns: 3191, Time: 00:05:32

Health: 0/33       AC:  1    Str: 11    XL:     4   Next: 86%
Magic:  4/4        EV: 13    Int: 14    God:
Gold:   177        SH:  0    Dex: 13    Spells: 3/3 levels left

rFire   . . .        a - +0 short sword
rCold   . . .        (no shield)
rNeg    . . .        (helmet restricted)
rPois   .            (no amulet)
rElec   .            (no ring)
rCorr   .            (no ring)
SInv    .            (no ring)
Will    .....        (no ring)
Stlth   ++++         (no ring)
HPRegen 0.25/turn    (no ring)
MPRegen 0.09/turn    (no ring)
                     (no ring)

%: no passive effects
@: no status effects
A: almost no armour, amphibious, 8 rings, camouflage 1, gelatinous body 1,
(nimble swimmer 1), tentacles
a: no special abilities


You were on level 4 of the Dungeon.
You visited 1 branch of the dungeon, and saw 5 of its levels.

You collected 177 gold pieces.

Inventory:

Hand Weapons
 a - a +0 short sword (weapon)
 b - a +0 sling
 d - a +0 long sword
Armour
 h - an orb of guile
Jewellery
 c - a ring of wizardry
Wands
 f - a wand of digging (3)
Scrolls
 g - 2 scrolls of vulnerability {unknown}
 i - 2 scrolls of fog
 l - 2 scrolls of teleportation
 o - 2 scrolls of fear
 t - a scroll of poison {unknown}
Potions
 e - a potion of haste
 j - a potion of magic
 k - 2 potions of invisibility
 m - a potion of cancellation {unknown}
 n - 2 potions of heal wounds {unknown}
 p - a potion of enlightenment {unknown}
 q - 2 potions of curing {unknown}


   Skills:
 + Level 3.7 Fighting
 + Level 3.0 Short Blades
 + Level 3.0 Dodging
 + Level 7.3 Stealth


You had 3 spell levels left.
You didn't know any spells.
Your spell library contained the following spells:

 Spells                   Type           Power      Damage    Failure   Level
 Lesser Beckoning         Tloc           0%         N/A       41%         2
 Poisonous Vapours        Pois/Air       0%         N/A       41%         2
 Gell's Gravitas          Tloc           0%         N/A       65%         3
 Mephitic Cloud           Conj/Pois/Air  0%         N/A       65%         3
 Teleport Other           Tloc           0%         N/A       65%         3
 Freezing Cloud           Conj/Ice/Air   0%         6-21      100%        5


Dungeon Overview and Level Annotations

Branches:
Dungeon (5/15)
 Temple: D:4-7

Altars:

Annotations:
D:4 Grinder


Innate Abilities, Weirdness & Mutations

You cannot wear most types of armour.
You are amphibious.
You can wear up to eight rings at the same time.
Your skin changes colour to match your surroundings (Stealth+).
Your rubbery body absorbs attacks. (AC +1, EV +1)
((You are camouflaged when in or above water. (Stealth+)))
You have tentacles for arms and can constrict up to eight enemies at once.


Message History

You constrict Grinder. Grinder hits you.
You writhe in agony.
You hit Grinder.
Grinder is moderately wounded.
You constrict Grinder. Grinder gestures at you. Pain shoots through your body!
* * * LOW HITPOINT WARNING * * *
You are confused.
You feel invigorated.
You constrict Grinder.
Grinder says, "Mostly I couldn't keep them alive."
Grinder gestures at you.
You barely resist.
You release your grip on Grinder.
Grinder blinks!
You feel less invigorated.
You feel less confused.
Grinder blinks!
Grinder says, "What is the universe for?"
Grinder gestures at you.
You suddenly lose the ability to move!
Grinder grins, showing sharp teeth.
You can move again.
You barely miss Grinder. Your grab misses Grinder. You squeeze Grinder!
Grinder is heavily wounded.
Grinder closely misses you.
You hit Grinder. Your grab misses Grinder.
Grinder is severely wounded.
Grinder hits you.
You closely miss Grinder. You grab Grinder.
You squeeze Grinder, but do no damage.
Grinder is severely wounded.
You constrict Grinder, but do no damage.
Grinder hits you.
* * * LOW HITPOINT WARNING * * *
You writhe in agony.
* * * LOW HITPOINT WARNING * * *
You hit Grinder.
Grinder is severely wounded.
You constrict Grinder. Grinder hits you.
You die...
Grinder says, "Now the real fun starts!"

##... #<...#...####
#. #..#####).##.## #.
#....#......#.....##.
#....#.#.#.###.##.##5
####.##...#...# #.#
#. ....>.........##
.# ##
###.###........# .
###......######.# .
......5@........ ##
#######.######## #.#
..# ####


You could see Grinder.

Vanquished Creatures
  An iguana (D:4)
  A worm (D:3)
  2 dart slugs (D:1)
  7 orcs
  7 ball pythons
  6 bats
  7 endoplasms
  2 giant cockroaches (D:1)
  2 goblins (D:2)
  4 hobgoblins
  5 quokkas
  6 frilled lizards
  8 kobolds
  5 rats
63 creatures vanquished.

Notes
Turn   | Place    | Note
-------+----------+-------------------------------------------
     0 | D:5      | croobank the Octopode Delver began the quest for the Orb.
     0 | D:5      | Reached XP level 1. HP: 16/16 MP: 1/1
     0 | D:5      | Noticed a black bear
     7 | D:5      | Noticed an iguana
    30 | D:4      | Noticed an iguana
    55 | D:3      | Found a faded altar of an unknown god.
   183 | D:3      | Reached XP level 2. HP: 20/21 MP: 2/2
   419 | D:4      | Reached skill level 7 in Stealth
   419 | D:4      | Reached XP level 3. HP: 26/26 MP: 3/3
   913 | D:1      | Reached XP level 4. HP: 31/31 MP: 4/4
  3043 | D:4      | Noticed Grinder
  3046 | D:4      | Paralysed by Grinder for 4 turns
  3179 | D:4      | HP: 1/33 [Grinder/nerve-wracking pain (11)]
  3185 | D:4      | Paralysed by Grinder for 2 turns
  3191 | D:4      | Slain by Grinder

Illustrated notes

Levels and vault maps discovered:
D:1:      elethiomel_arrival_shortcut, layout_loops_corners, roderic_lattice_a
D:2:      layout_basic
D:3:      layout_loops_ring, serial_forest, infiniplex_forest_clump_curved,
          infiniplex_forest_clump_cross, infiniplex_forest_diagonal,
          infiniplex_forest_lined_1, infiniplex_forest_lined_3,
          infiniplex_forest_end_1, infiniplex_forest_straight_5,
          infiniplex_forest_clump_cross, chequers_ecumenical_altar_simple_redux,
          minmay_strange_pillars
D:4:      layout_loops_ring, minmay_misc_feat_rows, uniq_grinder, uniq_edmund
D:5:      cheibrodos_fzero, layout_basic

Skill      XL: |  1  2  3  4 |
---------------+-------------+-----
Stealth        | 7 |  7.3
Short Blades   | 3 |  3.0
Dodging        | 3 |  3.0
Fighting       | |  3.7

Action                     |  1- 3 |  4- 6 || total
---------------------------+-------+-------++-------
  Melee: Short sword       |    45 |    97 ||   142
         Tentacles         |    12 |    22 ||    34
         Constrict         |     8 |    19 ||    27
         Punch             |     1 |       ||     1
   Fire: Sling             |     2 |       ||     2
    Use: Scroll            |     2 |     4 ||     6
         Potion            |       |     1 ||     1
   Stab: Sleeping          |    11 |    11 ||    22
 Armour: Skin              |    12 |    36 ||    48
  Dodge: Dodged            |    19 |    36 ||    55

Table legend: (Time is in decaauts)
 A = Elapsed time spent in this place.
 B = Non-inter-level travel time spent in this place.
 C = Inter-level travel time spent in this place.
 D = Time resting spent in this place.
 E = Time spent auto-exploring this place.
 F = Levels seen in this place.
 G = Mean time per level.
                   A        B        C        D        E       F      G
               +--------+--------+--------+--------+--------+-----+--------+
         Total |   3171 |   2998 |    173 |    351 |   2056 |   5 |  634.2 |
       Dungeon |   3171 |   2998 |    173 |    351 |   2056 |   5 |  634.2 |
               +--------+--------+--------+--------+--------+-----+--------+

Top non-repeatable levels by time:
     D:1: 1052 daAuts
     D:3: 965 daAuts
     D:2: 794 daAuts
     D:4: 329 daAuts
     D:5: 30 daAuts
